[Event "Israel National League 2024"]
[Site "Israel"]
[Date "2024.01.12"]
[Round "2.1"]
[White "Tzidkiya, Yeshaayahu"]
[Black "Nabaty, Tamir"]
[Result "1-0"]
[ECO "C78"]
[WhiteElo "2448"]
[BlackElo "2646"]
[Annotator "TA"]
[PlyCount "163"]
[EventDate "2024.01.07"]
[EventType "team-tourn"]
[EventCountry "ISR"]
[SourceTitle "playchess.com"]
[Source "ChessBase"]
[SourceQuality "1"]
[TimeControl "40/5400+30:1800+30"]

1. e4 e5 2. Nf3 Nc6 3. Bb5 a6 4. Ba4 Nf6 5. d3 Bc5 6. O-O d6 7. c3 Ba7 {[%emt 0:00:19] C78: Ruy Lopez: Archangelsk and Möller Defences.} (7... O-O 8. Bg5 h6 9. Bh4 g5 10. Bg3 Ba7 11. Nbd2 Ne7 12. d4 Nh5 13. dxe5 Nxg3 14. hxg3 Ng6 15. exd6 Qxd6 16. Nd4 Bxd4 17. cxd4 Qxd4 18. Bb3 Qxb2 19. Rc1 c6 {1-0 Tzidkiya,Y (2415)-Nabaty,T (2632) ISR-chT Israel 2023 (9.2)}) 8. Re1 O-O 9. Bg5 h6 {[%emt 0:01:20] The position is equal.} 10. Bh4 g5 11. Bg3 g4 12. Nh4 Nh5 13. Nd2 {[%emt 0:03:02] [#]} Qf6 $146 ({Predecessor:} 13... Qg5 14. Nf1 Bd7 15. Ne3 Bxe3 16. Rxe3 b5 17. Bb3 Na5 18. Bc2 c5 19. Re1 Nc6 {1-0 Libersan,T (2118)-Robichaud,L (2025) Quebec-ch opB 2010 (8)}) 14. Kh1 Ne7 (14... Bxf2 $2 15. Rf1 $18) 15. Bb3 b5 (15... Bxf2 $2 16. Rf1 $18) (15... Kg7 $15) 16. a4 $11 Bd7 (16... Bxf2 $2 17. Rf1 $18) 17. axb5 axb5 18. Nf5 Bxf5 (18... Nxg3+ $11 19. fxg3 h5) 19. exf5 $14 Qxf5 20. d4 {[%emt 0:00:08][%cal Rg3e5] Threatens to win with Bxe5!} c6 {[%emt 0:16:15] [#]} (20... Bb6 $11 {remains equal.}) 21. Bxe5 $1 $16 Qd7 {[%emt 0:09:17] [#]} (21... dxe5 $2 22. Rxe5 Qxf2 23. Rxe7 $16) 22. Bxd6 Qxd6 $11 23. Qxg4+ Ng7 (23... Qg6 $14 24. Qd7 Nd5) 24. Ne4 $16 Qg6 25. Qxg6 Nxg6 26. Nf6+ Kh8 27. Ra6 $36 {[%emt 0:00:04][%mdl 2048] White is on the roll. White has more active pieces.} Bxd4 {[%emt 0:04:32][%mdl 64] Discovered Attack, Double Attack} 28. Rxa8 Bxf6 (28... Rxa8 $16 {might work better.} 29. cxd4 Nf5) 29. Rxf8+ $18 Nxf8 30. Bxf7 Nf5 31. Be8 Ne7 32. f4 Kg7 33. g3 Nh7 34. Re6 Nf8 35. Rd6 b4 36. cxb4 Bxb2 37. Bxc6 {[%emt 0:00:09] Bf3 is the strong threat.} Ba3 38. Be4 {[%emt 0:00:40] Hoping for Rb6.} Bxb4 39. Ra6 Nd7 40. Kg2 Nc5 41. Rb6 Bc3 42. Bc2 Bd4 43. Rd6 Bf6 44. Kf3 Nb7 45. Rb6 Nc5 46. h4 (46. h3 $18) 46... Nd7 $2 (46... h5 $16 {was necessary.} 47. Rd6 Nb7) 47. Rd6 Nc5 {[%emt 0:01:21] [#]} 48. h5 $1 Nb7 49. Rb6 Nd8 50. g4 Nc8 $2 (50... Bd4 51. Rd6 Ndc6) 51. Ra6 Nf7 (51... Kf7 52. g5 hxg5) 52. Bb3 {[%emt 0:00:00] aiming for Be6.} Ne7 53. Rb6 (53. Bxf7 $142 Kxf7 54. Rb6) 53... Nc8 54. Ra6 (54. Rc6 $142) 54... Ne7 $1 55. Ke4 (55. Bxf7 $142 Kxf7 56. Ke4) 55... Nd8 56. Bd5 {[%emt 0:00:36][%cal Og4g5] g5! would be deadly.} Nf7 57. Rb6 $2 (57. Bxf7 Kxf7 58. Ra5) 57... Nc8 58. Ra6 (58. Re6) 58... Ne7 $1 59. Bxf7 Kxf7 60. Ra5 (60. Rb6 $142 Nc8 61. Rc6) 60... Nc6 61. Rc5 (61. Rb5 $142 {And now g5 would win.} Nd8 62. g5) 61... Nd8 (61... Ne7 $142 62. g5 hxg5 63. fxg5 Bb2) 62. Rb5 {[%emt 0:01:30] Black must now prevent Rb6.} Ne6 63. Rb7+ Be7 64. Ke5 Nc5 65. Ra7 Ne6 66. f5 Nd8 67. Rc7 Ke8 68. f6 Nf7+ 69. Kf5 Bd8 70. Ra7 Kf8 71. Ra8 Kg8 72. Kg6 Ne5+ 73. Kxh6 Nxg4+ 74. Kg5 Kf7 75. Rxd8 (75. Kxg4 $18 Bxf6 76. Kf5 Bd4 77. Rd8 Be3 78. Rd7+ Ke8 79. Rb7 Bh6 80. Kg6) 75... Nxf6 {[%emt 0:00:02][%mdl 4096] Endgame KR-KN. White mates.} 76. h6 Nh7+ 77. Kf5 Nf8 78. Ra8 Nh7 79. Ra7+ Kg8 80. Rg7+ Kh8 81. Rf7 Kg8 82. Kg6 {[%emt 0:00:06] Weighted Error Value: White=0.42/Black=0.27 (precise)} 1-0

[Event "Israel National League 2024"]
[Site "Israel"]
[Date "2024.01.12"]
[Round "2.2"]
[White "Roiz, Michael"]
[Black "Aizenberg, Benny"]
[Result "1/2-1/2"]
[ECO "B51"]
[WhiteElo "2575"]
[BlackElo "2396"]
[Annotator "TA"]
[PlyCount "116"]
[EventDate "2024.01.07"]
[EventType "team-tourn"]
[EventCountry "ISR"]
[SourceTitle "playchess.com"]
[Source "ChessBase"]
[SourceQuality "1"]
[TimeControl "40/5400+30:1800+30"]

1. e4 c5 2. Nf3 d6 3. Bb5+ Nd7 4. O-O a6 5. Be2 Ngf6 6. d3 {[%emt 0:00:10] B51: Sicilian: Moscow Variation (3 Bb5+) without 3...Bd7.} g6 7. c4 $1 {[%emt 0:00:33] The main line 7.c4 scores better than 7.a4.} Bg7 8. Nc3 {[%emt 0:00:57] [#] White has an edge.} Ne5 $146 (8... O-O $11 {remains equal.}) ({Predecessor:} 8... b6 9. d4 cxd4 10. Nxd4 Bb7 11. f3 O-O 12. Nb3 b5 13. cxb5 axb5 14. Bxb5 d5 15. exd5 {1-0 Rapport,R (2748)-Wojtaszek,R (2668) EU-chT 24th Budva 2023 (5.1)}) 9. Nxe5 $16 dxe5 10. Be3 Qd6 11. a3 O-O 12. Rb1 Nd7 13. b4 b6 14. Qc2 Rd8 15. Na4 e6 16. Rb2 Bf8 17. bxc5 bxc5 18. Qc3 Qc7 19. Rfb1 {[%emt 0:00:34] White has more active pieces. The black rooks are badly placed.} Ra7 20. Bd2 a5 21. Qc1 Bb7 22. Nc3 {[%emt 0:00:45] aiming for Nb5.} Bc6 23. Qe1 a4 24. Nb5 Bxb5 25. Rxb5 {[%emt 0:00:03] Ba5 is the strong threat.} (25. cxb5 $5 Rb7 26. Be3 $16 (26. Ba5 Nb6 $16)) 25... Rb8 26. Bd1 Rxb5 27. Rxb5 Nb8 28. Ra5 Rxa5 29. Bxa5 Qb7 (29... Qd6 $1 $14) 30. Bc3 Qa7 31. Bc2 Nc6 32. Qd1 Nd4 33. Bxa4 Bh6 34. Bb2 {[%emt 0:03:12] Against Bc1} Qb6 {[%emt 0:00:42] [#]} 35. Bb5 $1 Qa5 {[%emt 0:03:57] Inhibits Bc3.} 36. Kf1 f5 (36... Bd2 $14) 37. exf5 exf5 38. Qe1 Qc7 39. h3 e4 40. dxe4 Qh2 41. Bxd4 cxd4 {[%emt 0:30:28][%mdl 4096] Endgame KQB-KQB} 42. Qd1 Qh1+ 43. Ke2 Qxg2 44. Qxd4 {[%emt 0:00:00] Hoping for Qd5+.} fxe4 45. c5 Qf3+ (45... Qxh3 46. Bc4+ (46. Qxe4 Qh5+ 47. Kd3 Qxc5 $11) 46... Kf8 47. Qd8+ (47. Qxe4 Qh5+ 48. Kd3 Qxc5 $14) 47... Kg7 48. Qe7+ Kh8 49. Qf6+ (49. Qxe4 Qh5+ 50. Kf1 Qh3+ 51. Kg1 Qf5 $16) 49... Bg7 50. Qd8+) 46. Ke1 Bg7 (46... e3 47. Bc4+ Kf8 48. Qd8+ (48. Qh8+ Ke7 $16) 48... Kg7 49. Qg8+ Kf6 50. Qf7+ (50. Qxh7 $2 Qxf2+ 51. Kd1 Qd2#) 50... Ke5 51. Qxf3 exf2+ 52. Kxf2) 47. Bc4+ Kh8 48. Qd8+ Bf8 $2 (48... Qf8 $16 49. Qxf8+ Bxf8) 49. Qd4+ Bg7 50. Qd8+ Bf8 $1 51. c6 {[%emt 0:00:00] And now c7 would win.} Qxa3 52. Qd4+ $2 (52. Bb3 $18 {is more deadly. White threatens c7 and mate.} Kg7 53. c7 Qc1+ 54. Ke2 Qb2+ 55. Qd2 Qxb3 56. Qd4+ (56. c8=B $2 {perishes.} Qc4+ 57. Kd1 Qxc8 $19) (56. c8=Q Qf3+ 57. Kf1 Qh1+ 58. Ke2 Qf3+ 59. Kf1 Qh1+ 60. Ke2 Qf3+ $11) 56... Kf7 57. c8=Q (57. c8=B $2 {loses.} Qc2+ 58. Kf1 Qxc8 $19)) 52... Bg7 53. Qd8+ (53. Qxe4 $16 Qa1+ 54. Ke2) 53... Bf8 $18 {[%emt 0:00:06] Threatens to win with ...Qc1+.} 54. Qd5 $2 ({Better is} 54. Bb3 $18 {White wants to mate with c7.} Qb4+ 55. Kf1) 54... Qc3+ 55. Kd1 $1 Qf3+ {[%emt 0:00:11] [#]} 56. Be2 $1 Qc3 57. Bc4 (57. Qd8 $16 Qa1+ 58. Kd2 Qb2+ 59. Ke1 Qc1+ 60. Bd1) 57... Qf3+ $11 58. Kc1 Qc3+ {[%emt 0:00:15] Weighted Error Value: White=0.47/Black=0.14 (very precise)} 1/2-1/2

[Event "Israel National League 2024"]
[Site "Israel"]
[Date "2024.01.12"]
[Round "2.3"]
[White "Baron, Tal"]
[Black "Steinberg, Nitzan"]
[Result "1/2-1/2"]
[ECO "C96"]
[WhiteElo "2490"]
[BlackElo "2551"]
[Annotator "TA"]
[PlyCount "45"]
[EventDate "2024.01.07"]
[EventType "team-tourn"]
[EventCountry "ISR"]
[SourceTitle "playchess.com"]
[Source "ChessBase"]
[SourceQuality "1"]
[TimeControl "40/5400+30:1800+30"]

1. e4 e5 2. Nf3 Nc6 3. Bb5 a6 4. Ba4 Nf6 5. O-O Be7 6. Re1 b5 7. Bb3 d6 8. c3 O-O 9. h3 Na5 10. Bc2 c5 11. d4 Nd7 12. a4 Rb8 13. axb5 axb5 14. Nbd2 {[%emt 0:00:50] C96: Closed Ruy Lopez: Chigorin Defence: 11 d4, replies other than 11...Qc7.} Re8 15. Nf1 exd4 16. cxd4 {[%emt 0:00:52] White is slightly better.} Nc6 {[%emt 0:01:56] [#]} 17. Bf4 $146 ({Predecessor:} 17. Ne3 Nb6 18. dxc5 dxc5 19. Nd5 Be6 20. Bf4 Rb7 21. Nxe7+ Rbxe7 22. Qxd8 Rxd8 23. Ng5 {½-½ Haria,R (2034)-Lee,D (1842) Wch U14 Maribor 2012 (7.43)}) 17... cxd4 18. Nxd4 Nxd4 19. Qxd4 Bf6 (19... Ne5 $11 {keeps the balance.}) 20. Qb4 {[%emt 0:11:02] White is much more active.} ({White should play} 20. Qxd6 $16 {And now e5 would win.} Rb6 21. Qb4) 20... Be5 21. Bg3 Qb6 22. Red1 Qc5 23. Qd2 {[%emt 0:13:02] Weighted Error Value: White=0.19 (very precise) /Black=0.14 (very precise)} 1/2-1/2

[Event "Israel National League 2024"]
[Site "Israel"]
[Date "2024.01.12"]
[Round "2.4"]
[White "Kobo, Ori"]
[Black "Flom, Gabriel"]
[Result "1-0"]
[ECO "E90"]
[WhiteElo "2541"]
[BlackElo "2421"]
[Annotator "TA"]
[PlyCount "59"]
[EventDate "2024.01.07"]
[EventType "team-tourn"]
[EventCountry "ISR"]
[SourceTitle "playchess.com"]
[Source "ChessBase"]
[SourceQuality "1"]
[TimeControl "40/5400+30:1800+30"]

1. Nf3 Nf6 2. c4 g6 3. Nc3 Bg7 4. e4 d6 5. d4 O-O 6. Bd3 c5 7. d5 e6 8. h3 exd5 9. exd5 Re8+ 10. Be3 Rxe3+ {[%emt 0:00:00] is cutting edge theory. E90: King's Indian: Classical: Early deviations and 6 h3.} 11. fxe3 Qe7 12. O-O Nbd7 {[%emt 0:00:00] White is slightly better.} 13. Qd2 b6 14. Rae1 {[%emt 0:08:51] [#]} Ne5 $146 ({Predecessor:} 14... Ba6 15. Qf2 Rf8 16. Qh4 Re8 17. a4 h6 18. Re2 Bc8 19. Nb5 a6 20. Na7 Bb7 {1-0 Caruana,F (2766)-Erigaisi,A (2701) Titled Tuesday intern op 21st Feb Early blitz 2023 (9)}) 15. Nxe5 Qxe5 16. Rf3 Bd7 (16... Qe7 $14) 17. Qf2 $16 {[%emt 0:09:30] Hoping for Rf1.} Rf8 18. Rf1 Qe7 19. Rxf6 Bxf6 20. Qxf6 Qxe3+ 21. Rf2 Qxd3 22. Qxd6 Bc8 {[%emt 0:00:00] [#]} 23. Qe7 {[%emt 0:18:26] White is more active.} (23. Qf4 $1 $16) 23... Qxc4 $2 {[%emt 0:00:00][%mdl 8192] [#] Loses the game.} (23... f5 $1 $14) 24. Ne4 $1 $18 {[%emt 0:00:32] And now Nf6+ would win.} ({Weaker is} 24. Qxa7 b5 $11) 24... Bf5 $2 {[%emt 0:00:00] [#]} (24... Qxd5 25. Nf6+ Kg7 26. Nxd5 h5 27. Qe5+ Kh6 28. g4 hxg4 29. hxg4) (24... f5) 25. Rxf5 $1 {[%emt 0:00:56][%mdl 512] White wants to mate with Nf6+.} gxf5 (25... Qd4+ 26. Rf2) 26. Nf6+ {[%emt 0:00:14] White mates.} Kg7 27. Nh5+ Kg6 28. Qf6+ (28. Qxf8 Qd4+ 29. Kh1 Qc4 $18) 28... Kxh5 29. Qxf5+ Kh4 30. Qf6+ {[%emt 0:00:06] Weighted Error Value: White=0.12 (very precise) /Black=0.61} ({Inferior is} 30. Qxh7+ Kg5 31. Qg7+ Kh5 32. Qh7+ Kg5 33. Qg7+ Kh5 34. Qh7+ Kg5 $11) 1-0

[Event "Israel National League 2024"]
[Site "Israel"]
[Date "2024.01.12"]
[Round "2.5"]
[White "Deutsch, Eyal"]
[Black "Postny, Evgeny"]
[Result "0-1"]
[ECO "E32"]
[WhiteElo "2289"]
[BlackElo "2597"]
[Annotator "TA"]
[PlyCount "72"]
[EventDate "2024.01.07"]
[EventType "team-tourn"]
[EventCountry "ISR"]
[SourceTitle "playchess.com"]
[Source "ChessBase"]
[SourceQuality "1"]
[TimeControl "40/5400+30:1800+30"]

1. d4 Nf6 2. c4 e6 3. Nc3 Bb4 4. Qc2 O-O 5. a3 Bxc3+ 6. Qxc3 b6 7. Bg5 c5 8. Nf3 Bb7 9. dxc5 bxc5 10. e3 a5 {[%emt 0:02:52] E32: Nimzo-Indian: Classical (4 Qc2): 4...0-0.} 11. b3 d6 {[%emt 0:01:45] [#]} 12. Bxf6 $146 ({Predecessor:} 12. Rd1 Ra6 13. Bd3 Nbd7 14. Bc2 Qa8 15. Ke2 Rc8 16. h4 h6 17. Bxf6 Nxf6 18. a4 {1-0 Andersen,O (2085)-Ostergaard,R (2180) Politiken Cup 17th 1995 (3)}) 12... Qxf6 {[%emt 0:00:22] The position is equal.} 13. Qxf6 gxf6 14. Nd2 Nd7 15. Be2 Rfb8 (15... Bxg2 $2 16. Rg1 $18) 16. f3 Bc6 17. a4 Rb4 18. Rc1 Rab8 19. Rc3 Kf8 20. Kf2 Ke7 21. Bd1 f5 22. Bc2 h6 23. Rd1 Nf6 24. Nb1 d5 25. Na3 Nd7 26. g3 Rc8 27. cxd5 Bxd5 28. e4 $1 fxe4 29. fxe4 Bxe4 30. Bxe4 Rxe4 31. Nc4 $1 {[%emt 0:00:04] Nd6 is the strong threat.} Nf6 32. Nxa5 $2 {[%emt 0:00:33] [#]} (32. Kf3 $11) 32... Rxa4 $3 $17 33. bxa4 ({Don't go for} 33. Nc6+ $2 Rxc6 34. bxa4 Ne4+ 35. Ke1 Nxc3 $19) 33... Ne4+ 34. Kf3 (34. Ke1 $17 Nxc3 35. Ra1) 34... Nxc3 $19 35. Ra1 Ra8 36. Nb3 Rxa4 {[%emt 0:00:42] Weighted Error Value: White=0.22 (precise) /Black=0.08 (flawless)} 0-1

[Event "Israel National League 2024"]
[Site "Israel"]
[Date "2024.01.12"]
[Round "2.6"]
[White "Huzman, Alexander"]
[Black "Solomon, Asif"]
[Result "1-0"]
[ECO "E50"]
[WhiteElo "2534"]
[BlackElo "2242"]
[Annotator "TA"]
[PlyCount "149"]
[EventDate "2024.01.07"]
[EventType "team-tourn"]
[EventCountry "ISR"]
[SourceTitle "playchess.com"]
[Source "ChessBase"]
[SourceQuality "1"]
[TimeControl "40/5400+30:1800+30"]

1. d4 Nf6 2. Nf3 d5 3. c4 e6 4. Nc3 Bb4 5. e3 O-O 6. Be2 b6 {[%emt 0:06:04] is now more promising than 6...c5. E50: Nimzo-Indian: Rubinstein: 4...0-0 5 Nf3.} 7. O-O Bb7 8. cxd5 exd5 {[%emt 0:00:25] The position is equal.} 9. a3 Bd6 10. b4 Nbd7 11. Qb3 c6 12. a4 a6 {[%emt 0:06:46] [#]} 13. Ba3 $146 ({Predecessor:} 13. a5 b5 14. Bd3 Qe7 15. Rb1 Ne4 {½-½ Baraeva,M (2062)-Orekhov,E (2469) Nizhnij Tagil Stone Flower-A 2009 (14)}) 13... Qe7 (13... b5 $5 ) 14. b5 axb5 15. Bxd6 Qxd6 16. axb5 Rxa1 17. Rxa1 Ra8 (17... c5 $1 $11) 18. Rxa8+ $16 Bxa8 19. bxc6 Bxc6 20. Bd3 Bb7 21. h3 g6 22. Ne1 Nf8 23. Nc2 Kg7 24. Qb4 Qc7 25. Na3 Ne6 26. Nab5 Qc6 27. Qd6 Qxd6 28. Nxd6 Bc6 {[%emt 0:00:07] [#]} 29. Nc8 $1 {[%emt 0:00:40] White has more active pieces.} Nc7 30. Nxb6 Nd7 31. Nxd7 Bxd7 {[%emt 0:00:02][%mdl 4096] Endgame KBN-KBN} 32. Bc2 f5 33. Bb3 Bc6 34. f3 Kf6 35. Kf2 Ke7 36. g4 fxg4 37. hxg4 Kf6 38. Kg3 {[%emt 0:03:18] Strongly threatening e4.} h6 $2 (38... Bb7 39. Kh3 Kg5) 39. Ba2 (39. e4 $142) 39... Bb7 $18 40. Kh4 Bc6 $2 (40... g5+ 41. Kg3 Ke7) 41. Bb3 {[%emt 0:31:48] Black must now prevent e4.} Bb7 42. Na2 Ba6 43. Kg3 Bb7 44. Nb4 Ke7 (44... g5 {is a better defense.} 45. Kf2 Ke7) 45. Nd3 Bc6 46. Nb4 Bb7 47. Bc2 Kf6 48. Ba4 Na8 {[%emt 0:00:00] [#]} 49. Nd3 $1 Nb6 50. Bb5 Nc8 51. Nc5 Ba8 52. Nd7+ Ke6 53. Ne5 Kf6 54. Bd3 Ne7 55. Bc2 Bb7 (55... g5 $142 56. Kf2 Nc6) 56. Nd7+ Kg7 57. Bb3 Bc6 58. Nc5 Kf6 59. e4 dxe4 (59... h5 {was called for.} 60. Kh4 dxe4) 60. fxe4 {[%emt 0:00:03][%cal Bf3e4,Be4e5][%mdl 32] Hoping for e5+.} h5 $2 (60... g5 61. Kf2 Ng6 62. e5+ Nxe5) 61. e5+ {[%emt 0:01:37] White is clearly winning.} Kg5 62. Ne6+ Kh6 63. g5+ Kh7 64. Bc2 {[%emt 0:00:07] Repels Be4} Kg8 65. Nf4 Kf7 {[%emt 0:00:13] Wards off d5} 66. Kf2 Bb7 67. Bb3+ Kg7 68. d5 Nf5 69. Ba4 (69. d6 $142 Bc6 70. Be6) 69... Nd4 70. d6 {[%emt 0:01:30] White wants to mate with d7.} Kf7 71. d7 Ke7 72. Nxg6+ Kd8 73. Nf4 Ke7 74. g6 Bc6 75. g7 {[%emt 0:00:24] Weighted Error Value: White=0.16 (very precise) /Black=0.22 (precise)} 1-0

[Event "Israel National League 2024"]
[Site "Israel"]
[Date "2024.01.12"]
[Round "2.7"]
[White "Greenfeld, Alon"]
[Black "Kochavi, Ori"]
[Result "1-0"]
[ECO "E20"]
[WhiteElo "2455"]
[BlackElo "2428"]
[Annotator "RC"]
[PlyCount "81"]
[EventDate "2024.01.07"]
[EventType "team-tourn"]
[EventCountry "ISR"]
[SourceTitle "playchess.com"]
[Source "ChessBase"]
[SourceQuality "1"]
[TimeControl "40/5400+30:1800+30"]

1. d4 Nf6 2. Nf3 e6 3. c4 c5 4. Nc3 cxd4 5. Nxd4 Bb4 6. g3 Ne4 7. Qd3 Bxc3+ 8. bxc3 Nc5 9. Qf3 d6 10. Bg2 e5 11. Nb3 Nba6 12. Ba3 Qc7 13. Rd1 Be6 14. Nxc5 Nxc5 15. Bxc5 Qxc5 16. Qxb7 Rc8 17. Qa6 Ke7 18. Bd5 Bh3 19. Rb1 Rb8 20. Rb7+ Rxb7 21. Qxb7+ Bd7 22. O-O f5 23. Rb1 Rc8 24. Qa6 Kd8 25. Rb7 Rc7 26. Rb8+ Rc8 27. Qb7 a5 28. Qb6+ Qxb6 29. Rxb6 Ke7 30. Rb7 Kd8 31. f4 Rc7 32. Rb8+ Rc8 33. Rb6 Ke7 34. Rb7 h6 35. h4 exf4 36. gxf4 Rc5 37. Kf2 Kd8 38. Rb8+ Ke7 39. Ke3 Bc8 40. Kd4 Kd7 41. Bb7 1-0

[Event "Israel National League 2024"]
[Site "Israel"]
[Date "2024.01.12"]
[Round "2.8"]
[White "Ben Ari, Yannay"]
[Black "Dvoirys, Semen I."]
[Result "1/2-1/2"]
[ECO "B90"]
[WhiteElo "2417"]
[BlackElo "2466"]
[Annotator "TA"]
[PlyCount "100"]
[EventDate "2024.01.07"]
[EventType "team-tourn"]
[EventCountry "ISR"]
[SourceTitle "playchess.com"]
[Source "ChessBase"]
[SourceQuality "1"]
[TimeControl "40/5400+30:1800+30"]

1. e4 c5 2. Nf3 d6 3. d4 cxd4 4. Nxd4 Nf6 5. Nc3 a6 6. Be3 e5 7. Nf3 Qc7 8. a4 Be7 9. Be2 {[%emt 0:00:15] The modern move.} b6 10. Qd3 {[%emt 0:12:32] B90: Sicilian Najdorf: Unusual White 6th moves, 6 Be3 Ng4 and 6 Be3 e5.} Bb7 11. Qc4 Qxc4 12. Bxc4 Nbd7 13. Nd2 {[%emt 0:10:29] [#]} O-O $146 ({Predecessor:} 13... Rc8 14. f3 h6 15. Bb3 Bd8 16. Nc4 Ke7 17. O-O-O Bc7 18. Rd2 Rhd8 19. Rhd1 Nc5 20. Bxc5 bxc5 {½-½ Kazakos,E (2131)-Skaperdas,S (2050) GRE-chT 41st 2013 (1.3)}) 14. f3 Rfc8 15. Bb3 b5 16. Bg5 h6 17. Bh4 b4 18. Nd1 d5 19. exd5 Bxd5 20. Ne3 {[%emt 0:01:21] Black must now prevent Bxf6.} Bxb3 21. Nxb3 {[%emt 0:02:52] [#]} (21. cxb3 $5 Bc5 22. Ndc4 $15) 21... Ng4 $1 {[%emt 0:01:03][%mdl 64] Discovered Attack} 22. Nxg4 Bxh4+ 23. g3 Be7 (23... h5 $5 24. gxh4 hxg4 $15) 24. O-O-O Rc7 25. Kb1 Nb6 26. a5 Nc4 27. Rhe1 f6 28. Ne3 Nxe3 29. Rxe3 Kf7 30. g4 h5 31. h3 hxg4 32. hxg4 Rh8 33. Re2 Rh3 34. Rd3 Rh1+ 35. Ka2 Rf1 36. Rg2 Ke6 37. Rgd2 Rc6 38. Re3 {[%emt 0:01:39] [#] aiming for Nd4+.} Kf7 39. Rd7 Rxc2 {[%emt 0:01:38] And now ...Rff2 would win.} 40. Red3 Rff2 41. Nd2 $1 Ke6 42. Kb3 Rc6 $132 {[%emt 0:00:55][%mdl 2048] Black is fighting back} 43. Rb7 {[%emt 0:04:43] Hoping for Rb6.} Bc5 {[%emt 0:10:23] Against Rb6} (43... Rd6 $2 44. Rxe7+ Kxe7 45. Rxd6 $18) 44. Ne4 Rh2 (44... Re2 {simplifies} 45. Nxc5+ Rxc5 46. Rb6+ Ke7) 45. Rdd7 Rh3 $1 46. Nxc5+ Rxc5 47. Re7+ Kd5 $1 48. Red7+ Ke6 49. Re7+ {[%emt 0:02:32][%mdl 1024] White has compensation.} Kd5 $1 50. Red7+ Ke6 {[%emt 0:00:29] Weighted Error Value: White=0.10 (very precise) /Black=0.08 (flawless)} 1/2-1/2

[Event "Israel National League 2024"]
[Site "Israel"]
[Date "2024.01.12"]
[Round "2.9"]
[White "Kargin, Arseny"]
[Black "Iliaguev, Nisim"]
[Result "1-0"]
[ECO "B12"]
[WhiteElo "2377"]
[BlackElo "2399"]
[Annotator "RC"]
[PlyCount "41"]
[EventDate "2024.01.07"]
[EventType "team-tourn"]
[EventCountry "ISR"]
[SourceTitle "playchess.com"]
[Source "ChessBase"]
[SourceQuality "1"]
[TimeControl "40/5400+30:1800+30"]

1. e4 c6 2. d4 d5 3. e5 Bf5 4. Nf3 e6 5. Be2 Ne7 6. O-O h6 7. Nbd2 Nd7 8. Nb3 a6 9. Bd2 Be4 10. Rc1 Bxf3 11. Bxf3 Nf5 12. c4 a5 13. cxd5 cxd5 14. Bxa5 Rxa5 15. Nxa5 Qxa5 16. Rc8+ Ke7 17. Bg4 g6 18. Bxf5 gxf5 19. Qh5 Qd2 20. Qh4+ Qg5 21. Qh3 1-0

[Event "Israel National League 2024"]
[Site "Israel"]
[Date "2024.01.12"]
[Round "2.10"]
[White "Karp, Ilya"]
[Black "Khmelniker, Ilya"]
[Result "1-0"]
[ECO "C79"]
[WhiteElo "2382"]
[BlackElo "2469"]
[Annotator "TA"]
[PlyCount "73"]
[EventDate "2024.01.07"]
[EventType "team-tourn"]
[EventCountry "ISR"]
[SourceTitle "playchess.com"]
[Source "ChessBase"]
[SourceQuality "1"]
[TimeControl "40/5400+30:1800+30"]

1. e4 e5 2. Nf3 Nc6 3. Bb5 g6 4. c3 d6 5. d4 Bd7 6. O-O Bg7 7. Re1 a6 8. Ba4 Nf6 9. d5 {[%emt 0:02:59] 9.h3 is setting a new trend. C79: Ruy Lopez: Steinitz-type lines with 3...a6 4 Ba4 Nf6 5 0-0 d6.} Ne7 10. Bxd7+ Nxd7 11. Be3 {[%emt 0:03:24] White is slightly better.} h6 12. Nfd2 f5 {[%emt 0:12:49] ...f4 is the strong threat.} 13. f3 $1 O-O 14. c4 Nc5 15. Qc2 {[%emt 0:16:37] Repels Nd3} a5 16. Nc3 {[%emt 0:03:07] [#]} c6 $146 (16... Nd7 $14) ({Predecessor:} 16... Qd7 17. b3 f4 18. Bf2 g5 19. a3 Na6 20. Rab1 Rf6 21. b4 axb4 22. axb4 Rg6 {1-0 Vajda,S (2352)-Halak,M (2253) Budapest Duna op 2015 (2)}) 17. a3 (17. Bxc5 $142 dxc5 18. Rad1) 17... cxd5 18. cxd5 Rc8 19. b4 Na6 20. Qb3 axb4 21. axb4 g5 22. Nb5 Qd7 23. Na7 Rce8 (23... Rb8 $142 24. Nc6 Ra8 25. Nxe7+ Qxe7 26. exf5 Nc7) 24. Qa4 (24. b5 $1 $18 Nc7 25. b6) 24... Qxa4 25. Rxa4 Nc7 26. Ra5 {[%emt 0:11:44][%cal Ba4a5,Ba5b5,Bb5b6][%mdl 32] White is more active.} g4 (26... Rd8 $16 {might work better.}) 27. Rc1 $18 Na6 {[%emt 0:00:18] [#]} 28. Rb5 $1 gxf3 29. gxf3 Rb8 30. Rb6 Rfd8 31. Nc4 Bf8 32. Na5 (32. Nxd6 Nxd5 33. exd5 Bxd6 $11) (32. Rxd6 $6 Rxd6 33. Nxd6 fxe4 $16) 32... Rd7 33. Rc4 Nc7 $2 {[%emt 0:01:32] [#] This move loses the game for Black.} (33... h5 $16 34. Kh1 h4) 34. N7c6 $1 bxc6 (34... Nxc6 $2 35. dxc6 (35. Nxc6 Ra8 $16) 35... Rg7+ 36. Kh1 $18) 35. Rxb8 cxd5 36. exd5 Nexd5 $2 (36... Na6) 37. Bxh6 {[%emt 0:01:11] Weighted Error Value: White=0.09 (flawless) /Black=0.34} 1-0

[Event "Israel National League 2024"]
[Site "Israel"]
[Date "2024.01.12"]
[Round "2.11"]
[White "Vydeslaver, Alik"]
[Black "Mordechai, Hanan"]
[Result "1/2-1/2"]
[ECO "E09"]
[WhiteElo "2373"]
[BlackElo "2347"]
[Annotator "RC"]
[PlyCount "48"]
[EventDate "2024.01.07"]
[EventType "team-tourn"]
[EventCountry "ISR"]
[SourceTitle "playchess.com"]
[Source "ChessBase"]
[SourceQuality "1"]
[TimeControl "40/5400+30:1800+30"]

1. Nf3 d5 2. g3 Nf6 3. Bg2 e6 4. O-O Be7 5. d4 O-O 6. c4 c6 7. Qc2 Nbd7 8. b3 b6 9. Bb2 Bb7 10. Nbd2 c5 11. cxd5 Bxd5 12. e4 Bb7 13. Rac1 Rc8 14. Qb1 cxd4 15. Nxd4 Rxc1 16. Rxc1 Qa8 17. f3 Rd8 18. Nc4 Bc5 19. Kh1 Nb8 20. Rd1 Nc6 21. Nxc6 Bxc6 22. Ne5 Bb7 23. Rxd8+ Qxd8 24. Qd3 Qxd3 1/2-1/2